 Dungeon Crawl Stone Soup version 0.21.1-1-g345015f (webtiles) character file.

12171 sking99 the Slinger (level 12, -2/82 HPs)
             Began as a Halfling Hunter on June 25, 2018.
             Was an Elder of Okawaru.
             Slain by a spiny frog (18 damage)
             ... on level 1 of the Lair of Beasts.
             The game lasted 00:47:16 (11466 turns).

sking99 the Slinger (Halfling Hunter)              Turns: 11466, Time: 00:47:16

Health: -2/82      AC: 11    Str: 13    XL:     12   Next: 16%
Magic:  19/19      EV: 22    Int:  9    God:    Okawaru [****..]
Gold:   229        SH:  3    Dex: 20    Spells: 11/11 levels left

rFire    . . .     SeeInvis .   a - +2 hunting sling
rCold    + . .     Gourm    .   (shield restricted)
rNeg     + . .     Faith    .   v - +0 ring mail
rPois    .         Spirit   .   (no helmet)
rElec    .         Reflect  +   e - +1 cloak {MR+}
rCorr    .         Harm     .   (no gloves)
MR       +....                  (no boots)
Stlth    +++.......             Q - amulet of the Little Devil {Reflect rN+ SH+3}
HPRegen  0.23/turn              N - ring of protection from cold
MPRegen  0.16/turn              J - +1 ring of protection

@: heroism
A: small, mutation resistance 1
a: Heroism, Renounce Religion


You were on level 1 of the Lair of Beasts.
You worshipped Okawaru.
Okawaru was greatly pleased with you.
You were near starving.

You visited 2 branches of the dungeon, and saw 11 of its levels.

You collected 687 gold pieces.
You spent 458 gold pieces at shops.

Inventory:

Hand Weapons
 a - a +2 hunting sling (weapon)
 b - a +0 short sword
Missiles
 d - 75 sling bullets (quivered)
 j - 150 stones
Armour
 c - a +1 leather armour
 e - a +1 cloak of magic resistance (worn)
 v - a +0 ring mail (worn)
 G - a +1 cloak
Jewellery
 o - an uncursed ring of flight
 p - an uncursed ring of positive energy
 u - an uncursed ring of ice
 C - an uncursed ring of wizardry
 D - an uncursed ring of protection from cold
 J - a +1 ring of protection (right hand)
 N - a ring of protection from cold (left hand)
 Q - the amulet of the Little Devil (around neck) {Reflect rN+ SH+3}
   (You bought it in a shop on level 9 of the Dungeon)

   [amulet of reflection]

   It shields you and reflects attacks.
   It protects you from negative energy.
   It affects your SH (+3).
Wands
 B - a wand of disintegration (13)
 L - a wand of digging (28)
 P - a wand of enslavement (11)
 S - a wand of acid (1)
 T - a wand of random effects (27)
Scrolls
 k - 2 scrolls of enchant weapon
 q - 2 scrolls of amnesia
 s - 2 scrolls of random uselessness
 y - 7 scrolls of remove curse
 F - 4 scrolls of teleportation
 I - a scroll of fog
Potions
 g - 5 potions of brilliance
 h - 2 potions of ambrosia
 i - 4 potions of heal wounds
 l - a potion of curing {unknown}
 m - 3 potions of lignification
 n - a potion of invisibility {unknown}
 r - 2 potions of flight
 t - 4 potions of haste
 x - 2 potions of might
 z - a potion of magic {unknown}
 H - a potion of berserk rage {unknown}
 K - a potion of cancellation {unknown}
 M - 2 potions of degeneration
Books
 E - a book of Cantrips

   Spells                             Type                      Level
   a - Confusing Touch                Hexes                        1
   b - Animate Skeleton               Necromancy                   1
   c - Summon Small Mammal            Summoning                    1
   d - Apportation                    Translocation                1
Miscellaneous
 R - a sack of spiders
Comestibles
 f - 23 rations


   Skills:
 - Level 8.1(13.1) Fighting
 - Level 12.1(17.1) Slings
 - Level 7.1(12.1) Armour
 - Level 6.1(11.1) Dodging
 - Level 1.1(6.1) Stealth
 + Level 9.6 Invocations
 - Level 8.2 Evocations


You had 11 spell levels left.
You didn't know any spells.

Dungeon Overview and Level Annotations

Branches:
Dungeon (10/15)            Temple (0/1) D:4            Lair (1/6) D:9
    Orc (0/2) D:9

Altars:
Okawaru
Trog
Uskayaw
Wu Jian
Xom
The Shining One

Shops:
D:5 ?[**   D:9 =   D:10 %(


Innate Abilities, Weirdness & Mutations

You are small and have problems with some larger weapons.
You are somewhat resistant to further mutation.


Message History

Firing (i - inventory. (,) - cycle):
d - 78 sling bullets (quivered)
Press: ? - help, Shift-Dir - straight line, f/p - spiny frog
Aim: a spiny frog (lightly wounded)
You shoot a sling bullet. The sling bullet hits the spiny frog!
The spiny frog is moderately wounded.
The spiny frog stings you!
* * * LOW HITPOINT WARNING * * *
Firing (i - inventory. (,) - cycle):
d - 77 sling bullets (quivered)
Press: ? - help, Shift-Dir - straight line, f/p - spiny frog
Aim: a spiny frog (moderately wounded)
You shoot a sling bullet. The sling bullet hits the spiny frog.
The spiny frog is moderately wounded.
You block the spiny frog's attack.
Firing (i - inventory. (,) - cycle):
d - 76 sling bullets (quivered)
Press: ? - help, Shift-Dir - straight line, f/p - spiny frog
Aim: a spiny frog (moderately wounded)
You shoot a sling bullet. The sling bullet hits the spiny frog!
The spiny frog is heavily wounded.
The spiny frog stings you!!
You die...

,,,,,,,,,**,,,,,,,**,,,,,,,,,,,,,
,,,,,,,,,#.,.##.*.,*,,,,,,,,,,,,,
,,,,,,,,*#.##...#..##,,,,,,,,,,,,
,,,,,,,,,...........#,,,,,,,,,***
,,,,,,,*,........#..,*****,,*,,,,
,,,,*,*,,.#..8.8.#.,,**,8,***,,,,
,,,*****,.........#..#,,,,,**,,,,
,,,,*,,,,.....>.F.#..+,,>,8**,,,,
,,,**,,,,,#.....@.#..#,,,,,**,,,,
,,,,*,,*,..#.8.8..#..#,,8,,#+,,,,
,,,*,,,,,..#.....#..##*.###.#,,,,
,,,,,,,,,............###....#,,,.
,,,*,,,,*#.......#..#.......###+.
,,,**,,,,#..#..#.............(...
,,,,*,**,.#.......#(........(....
,,,,,,,,,..#.....##........(.....
,,,,,,,,,.,###.###...(....(......


You could see a spiny frog.

Vanquished Creatures
  2 two-headed ogres
  The ghost of tidbits the Charmwright, a novice GnSk (D:6)
  A komodo dragon (Lair:1)
  A troll (D:10)
  2 hornets (D:10)
  5 hippogriffs
  A spriggan (D:7)
  A wraith (D:10)
  Eustachio (D:6)
  A vampire (D:10)
  14 yaks
  2 wyverns (D:10)
  A steam dragon (D:9)
  3 hungry ghosts
  Menkaure (D:6)
  2 wargs (D:9)
  Edmund (D:6)
  A water moccasin (D:8)
  10 orc warriors
  A porcupine (Lair:1)
  2 sky beasts
  An ice beast (D:10)
  4 black bears
  2 ogres
  2 phantoms
  4 centaurs
  The ghost of kalagan the Firebug, an amateur DEFE (D:3)
  3 bullfrogs
  2 scorpions
  4 killer bees (D:10)
  4 howler monkeys
  2 vampire bats (D:6)
  2 electric eels (D:9)
  5 crimson imps
  4 jellies
  2 centaur zombies
  8 hounds
  11 orc priests
  10 orc wizards
  2 iguanas
  6 worker ants
  A killer bee zombie (D:9)
  2 hound zombies
  A hound skeleton (D:9)
  4 gnolls
  21 adders
  An adder zombie (D:4)
  2 adder skeletons
  2 worms (D:3)
  2 dart slugs
  8 leopard geckos
  40 orcs
  2 ball pythons
  5 giant cockroaches
  7 goblins
  8 hobgoblins
  6 jackals
  6 kobolds
  5 quokkas
  12 bats
  3 frilled lizards
  10 rats
281 creatures vanquished.

Vanquished Creatures (others)
  A quokka skeleton (D:9)
1 creature vanquished.

Grand Total: 282 creatures vanquished

Notes
Turn   | Place    | Note
-------+----------+-------------------------------------------
     0 | D:1      | sking99 the Halfling Hunter began the quest for the Orb.
     0 | D:1      | Reached XP level 1. HP: 14/14 MP: 1/1
    23 | D:1      | Reached skill level 6 in Slings
    58 | D:1      | Reached XP level 2. HP: 19/19 MP: 2/2
   891 | D:2      | Reached skill level 7 in Slings
   891 | D:2      | Reached XP level 3. HP: 17/24 MP: 3/3
  1034 | D:2      | Reached XP level 4. HP: 29/29 MP: 4/4
  1095 | D:2      | Found an iron altar of Okawaru.
  1110 | D:2      | Became a worshipper of Warmaster Okawaru
  1210 | D:2      | Found a glowing golden altar of the Shining One.
  1387 | D:2      | Reached skill level 8 in Slings
  1387 | D:2      | Reached XP level 5. HP: 34/34 MP: 5/5
  1619 | D:3      | Noticed kalagan's ghost (amateur DEFE)
  1630 | D:3      | Killed kalagan's ghost
  1759 | D:3      | Reached skill level 9 in Slings
  1759 | D:3      | Reached XP level 6. HP: 39/39 MP: 6/6
  1920 | D:3      | Found an ornate altar of the Wu Jian Council.
  2199 | D:3      | Reached * piety under Okawaru
  2509 | D:4      | Reached XP level 7. HP: 44/44 MP: 7/7
  2548 | D:4      | Reached skill level 10 in Slings
  2774 | D:4      | Reached skill level 5 in Dodging
  2841 | D:4      | Found a staircase to the Ecumenical Temple.
  3092 | D:4      | Reached ** piety under Okawaru
  3332 | D:4      | Reached skill level 11 in Slings
  3496 | D:5      | Entered Level 5 of the Dungeon
  3679 | D:5      | Reached XP level 8. HP: 49/49 MP: 8/8
  3798 | D:5      | Reached skill level 12 in Slings
  3994 | D:5      | Reached skill level 1 in Invocations
  4034 | D:5      | Found Suvumeng's Assorted Antiques.
  4036 | D:5      | Found Bioc's Antique Armour Shoppe.
  4036 | D:5      | Found Vame's General Store.
  4038 | D:5      | Found Holuipp's Magic Scroll Shoppe.
  4048 | D:5      | Bought a scroll of identify for 22 gold pieces
  4048 | D:5      | Bought a scroll of remove curse for 33 gold pieces
  4262 | D:6      | Noticed tidbits's ghost (novice GnSk)
  4287 | D:6      | Killed tidbits's ghost
  4287 | D:6      | Reached *** piety under Okawaru
  4287 | D:6      | Reached XP level 9. HP: 47/55 MP: 8/11
  4636 | D:6      | Noticed Edmund
  4653 | D:6      | Killed Edmund
  4653 | D:6      | Reached skill level 5 in Invocations
  4847 | D:6      | Noticed Eustachio
  4850 | D:6      | Noticed Menkaure
  4873 | D:6      | Killed Eustachio
  4880 | D:6      | Killed Menkaure
  4880 | D:6      | Received a gift from Okawaru
  5169 | D:7      | Noticed a hippogriff
  5182 | D:7      | Killed a hippogriff
  5182 | D:7      | Reached skill level 5 in Fighting
  5476 | D:7      | Got a warped falchion
  5477 | D:7      | Identified the cursed +1 falchion "Umalash" {vamp, rN++ Str+8 Dex-4 SInv} (You found it on level 7 of the Dungeon)
  5558 | D:7      | Reached **** piety under Okawaru
  5558 | D:7      | Received a gift from Okawaru
  5558 | D:7      | Reached skill level 5 in Armour
  5558 | D:7      | Reached XP level 10. HP: 36/68 MP: 13/13
  5898 | D:7      | Found a bloodstained altar of Trog.
  5964 | D:7      | Received a gift from Okawaru
  6885 | D:8      | Noticed a two-headed ogre
  6905 | D:8      | Killed a two-headed ogre
  7233 | D:8      | Reached skill level 1 in Evocations
  7555 | D:9      | Reached ***** piety under Okawaru
  7555 | D:9      | Reached XP level 11. HP: 38/77 MP: 14/14
  7851 | D:9      | Reached skill level 5 in Evocations
  8107 | D:9      | Found Amiden's Jewellery Boutique.
  8112 | D:9      | Bought the amulet of the Little Devil {Reflect rN+ SH+3} for 403 gold pieces
  8291 | D:9      | Received a gift from Okawaru
  8400 | D:9      | Received a gift from Okawaru
  8511 | D:9      | Found a staircase to the Orcish Mines.
  8605 | D:9      | Found a hide-covered altar of Uskayaw.
  8607 | D:9      | Found a shimmering altar of Xom.
  8607 | D:9      | Found a bloodstained altar of Trog.
  8746 | D:9      | Received a gift from Okawaru
  8886 | D:9      | Found a staircase to the Lair.
  9245 | D:10     | Entered Level 10 of the Dungeon
  9424 | D:10     | Found Korud's Antique Weapon Shop.
  9726 | D:10     | Received a gift from Okawaru
  9811 | D:10     | Found Jefin's Food Boutique.
 10123 | D:10     | Noticed a two-headed ogre
 10150 | D:10     | Killed a two-headed ogre
 10150 | D:10     | Received a gift from Okawaru
 10150 | D:10     | Reached XP level 12. HP: 68/82 MP: 11/18
 10214 | D:10     | Paralysed by a hornet for 1 turns
 10218 | D:10     | Paralysed by a hornet for 2 turns
 10221 | D:10     | HP: 6/123 [hornet (2)]
 10232 | D:10     | HP: 6/123 [poisoned by a hornet]
 10238 | D:10     | HP: 5/123 [poisoned by a hornet]
 10246 | D:10     | HP: 2/82 [poisoned by a hornet]
 10254 | D:10     | HP: 2/82 [poisoned by a hornet]
 11304 | Lair:1   | Entered Level 1 of the Lair of Beasts
 11466 | Lair:1   | Slain by a spiny frog

Skill      XL: |  1  2  3  4  5  6  7  8  9 10 11 12 |
---------------+-------------------------------------+-----
Slings         | 6 7 8 9 11 12 | 12.1
Dodging        | 3 4 5 6 |  6.1
Invocations    | 3 5 8 9 |  9.6
Fighting       | 2 5 8 |  8.1
Armour         | 2 5 7 |  7.1
Evocations     | 3 8 |  8.2
Stealth        | |  1.1

Action                   |  1- 3 |  4- 6 |  7- 9 | 10-12 || total
-------------------------+-------+-------+-------+-------++-------
 Fire: Hunting sling     |    69 |   166 |   391 |   980 ||  1606
Invok: Heroism           |       |       |     3 |    20 ||    23
       Finesse           |       |       |       |     5 ||     5
  Use: Scroll            |       |     5 |     5 |     7 ||    17
       Potion            |       |       |       |     2 ||     2
  Eat: Chunk             |       |     4 |     9 |    15 ||    28
Armor: Leather armour    |     3 |     4 |     1 |       ||     8
       Ring mail         |       |       |    15 |    41 ||    56
       Skin              |       |       |       |     2 ||     2
Dodge: Dodged            |    12 |    26 |    93 |   202 ||   333
Block: Other             |       |       |       |    15 ||    15
       Reflection        |       |       |       |     1 ||     1
